 Dungeon Crawl Stone Soup version 0.29.0-15-g675c0067aa (webtiles) character file.

Game seed: 7667166444424563283

23 void236 the Ducker (level 2, 0/25 HPs)
             Began as a Merfolk Monk on Sept 11, 2022.
             Succumbed to an adder's poison
             ... on level 3 of the Dungeon.
             The game lasted 00:03:11 (947 turns).

void236 the Ducker (Merfolk Monk)                    Turns: 947, Time: 00:03:12

Health: 0/25       AC:  2    Str: 11    XL:     2   Next: 95%
Magic:  3/3        EV: 14    Int:  9    God:
Gold:   58         SH:  0    Dex: 16    Spells: 2/2 levels left

rFire   . . .      SeeInvis .     - Unarmed
rCold   + . .      Faith    .   (no shield)
rNeg    . . .      Spirit   .   a - +0 robe
rPois   .          Reflect  .   (no helmet)
rElec   .          Harm     .   (no cloak)
rCorr   .          Rampage  .   (no gloves)
Will    .....                   (no boots)
Stlth   ++........              (no amulet)
HPRegen 0.08/turn               d - ring of protection from cold
MPRegen 0.08/turn               (no ring)

@: lethally poisoned (0 -> -5)
A: (nimble swimmer 2), mertail
a: no special abilities


You were on level 3 of the Dungeon.
You visited 1 branch of the dungeon, and saw 3 of its levels.

You collected 58 gold pieces.

Inventory:

Armour
 a - a +0 robe (worn)
Jewellery
 d - a ring of protection from cold (left hand)
Scrolls
 c - a scroll of teleportation {unknown}
 e - a scroll of identify {unknown}
Potions
 b - a potion of ambrosia
 f - a potion of might {unknown}


   Skills:
 + Level 3.6 Fighting
 + Level 4.4 Dodging
 + Level 2.2 Stealth
 - Level 3.5 Unarmed Combat
 * Level 0.8 Spellcasting


You had 2 spell levels left.
You didn't know any spells.
Your spell library was empty.

Dungeon Overview and Level Annotations

Branches:
Dungeon (3/15)

Altars:
Xom


Innate Abilities, Weirdness & Mutations

((You are very nimble when in or above water. (Stealth+, EV+, Speed+++)))
Your lower body shifts to a powerful aquatic tail in water.


Message History

You miss the adder.
The adder is lightly wounded.
The adder barely misses you.
You miss the adder.
The adder is lightly wounded.
The adder closely misses you.
You closely miss the adder.
The adder is lightly wounded.
The adder barely misses you. The adder closely misses you.
You miss the adder.
The adder is lightly wounded.
The adder misses you.
You hit the adder but do no damage.
The adder is lightly wounded.
The adder misses you.
You barely miss the adder.
The adder is lightly wounded.
The adder misses you.
You hit the adder.
The adder is lightly wounded.
The adder bites you.
You are poisoned.
The adder poisons you! The adder bites you.
You barely miss the adder.
The adder is lightly wounded.
You feel sick. The adder bites you.
You are lethally poisoned!
The adder poisons you!
You closely miss the adder.
The adder is lightly wounded.
* * * LOW HITPOINT WARNING * * *
You feel sick. The adder bites you.
* * * LOW HITPOINT WARNING * * *
You closely miss the adder.
The adder is lightly wounded.
* * * LOW HITPOINT WARNING * * *
You feel sick. The adder misses you.
You hit the adder.
The adder is severely wounded.
You die...

#..'~♣ #♣~~# #.##
##.#~♣#♣†♣♣~# #...
###♣~♣~♣# ~# #.#.
#♣#♣~~~♣#♣#### #.#.
#~ #♣~♣~♣##.. #.#.
#~♣♣~♣#♣~#.#####.#.
#~~♣# ♣~'..>....'.
###'##♣P~♣#..####.#.
#..@S######..# #<#.
###$)........# #+#.
##.........# ...
#........## .....
#.......$# .....
#........# #....
#........ .....
######... ...


You could see an adder.

Vanquished Creatures
  An adder (D:2)
  2 ball pythons (D:3)
  2 endoplasms
  A giant cockroach (D:3)
  3 goblins
  3 bats
  A rat (D:3)
13 creatures vanquished.

Vanquished Creatures (others)
  A plant (D:3)
1 creature vanquished.

Grand Total: 14 creatures vanquished

Notes
Turn   | Place    | Note
-------+----------+-------------------------------------------
     0 | D:1      | void236 the Merfolk Monk began the quest for the Orb.
     0 | D:1      | Reached XP level 1. HP: 18/18 MP: 1/1
   149 | D:2      | Reached XP level 2. HP: 5/24 MP: 2/2
   563 | D:3      | Found a shimmering altar of Xom.
   946 | D:3      | HP: 1/25 [poisoned by an adder]
   947 | D:3      | Succumbed to an adder's poison

Illustrated notes

Levels and vault maps discovered:
D:1:      lightli_arrival_maybe_door_vault, layout_loops_ring
D:2:      layout_loops_ring, serial_shops, nicolae_shop_window_shopping,
          serial_undead, serial_undead_d, serial_undead_d, serial_undead_e,
          serial_undead_e, serial_undead_c, serial_undead_c,
          basic_ecumenical_altar
D:3:      layout_basic, tgw_kikubaaqudgha, mainiacjoe_overflow_brackets,
          serial_shops, shop, saegor_snake_ambush

Action                   || total
-------------------------++-------
Melee: Unarmed           ||    63
       Tailslap          ||     1
 Stab: Sleeping          ||     2
Armor: Robe              ||     4
Dodge: Dodged            ||    51
